Map: Abyssal Reef LE

Players

LiquidSnute (Snute) - Winner!

  • Race: Zerg Zerg
  • League: Master
  • Spawn Location: 5:00

JJAKJI

  • Race: Terran Terran
  • Spawn Location: 11:00

Event: HomeStory Cup XVI

VOD

Have the link to the VOD?

Description

Time

  • Played on: Nov. 9, 2017, 1:58 p.m.
  • Length: 17:57

All games in this series

Show
View Real Time Build Order
Export as new Build Order

LiquidSnute Zerg - Winner!

Build Orders: Pool First, Brood Lord Corruptor 

Get SALT Encoding   

  12  0:00  Drone  
  13  0:12  Overlord  
  13  0:17  Drone  
  14  0:30  Drone x2  
  14  0:34  Drone  
  17  0:45  Spawning Pool  
  17  0:48  Drone  
  17  1:10  Hatchery  
  17  1:11  Drone  
  17  1:15  Drone  
  17  1:16  Extractor  
  17  1:19  Drone  
  18  1:31  Queen  
  20  1:33  Zergling x2  
  21  1:41  Overlord  
  21  1:49  Drone  
  22  2:00  Drone  
  23  2:08  Queen  
  23  2:13  Drone  
  26  2:17  Metabolic Boost  
  26  2:21  Queen, Drone  
  29  2:23  Drone  
  30  2:32  Drone x2  
  32  2:39  Overlord  
  32  2:40  Drone x2  
  32  2:43  Drone  
  35  2:45  Drone  
  36  2:53  Overlord  
  36  2:58  Drone  
  37  3:05  Extractor  
  36  3:06  Zergling x4  
  36  3:11  Drone x3  
  36  3:12  Queen  
  43  3:16  Queen, Drone  
  47  3:27  Overlord  
  47  3:33  Hatchery  
  45  3:36  Drone x3  
  45  3:38  Drone  
  45  3:39  Drone  
  45  3:41  Drone  
  50  3:42  Drone  
  50  3:44  Drone  
  50  3:47  Zergling x2  
  53  3:52  Zergling x8  
  57  3:59  Queen  
  59  4:06  Zergling x2  
  59  4:09  Overlord  
  59  4:19  Drone  
  59  4:21  Overlord x2  
  59  4:22  Spore Crawler  
  59  4:23  Queen, Spore Crawler  
  60  4:28  Drone x4  
  60  4:29  Drone  
  60  4:30  Drone  
  66  4:33  Drone x2  
  66  4:34  Spore Crawler  
  67  4:39  Overlord  
  67  4:43  Drone  
  67  4:45  Drone  
  69  4:54  Queen x2  
  69  4:59  Queen  
  73  5:01  Drone x4  
  73  5:02  Drone  
  73  5:03  Drone  
  73  5:04  Drone  
  73  5:05  Drone  
  80  5:08  Overlord  
  80  5:09  Zergling x2  
  80  5:10  Zergling x2  
  80  5:13  Overlord  
  79  5:18  Evolution Chamber  
  79  5:19  Evolution Chamber  
  79  5:21  Overlord  
  77  5:25  Zergling x2  
  77  5:26  Zergling x4  
  79  5:32  Drone x4  
  79  5:33  Drone  
  79  5:34  Extractor, Drone  
  84  5:36  Extractor  
  84  5:38  Extractor  
  84  5:39  Drone x3  
  84  5:41  Drone  
  85  5:44  Drone  
  85  5:47  Drone  
  86  5:51  Zerg Missile Weapons Level 1, Zerg Ground Armor Level 1  
  86  5:53  Drone  
  86  5:55  Drone  
  88  5:59  Extractor  
  88  6:01  Drone x3  
  88  6:02  Drone x2  
  88  6:03  Hatchery  
  91  6:06  Lair  
  91  6:07  Drone  
  92  6:11  Drone x3  
  92  6:12  Roach Warren, Drone  
  92  6:15  Drone  
  92  6:17  Extractor  
  95  6:27  Overlord  
  95  6:28  Queen, Overlord x2, Spore Crawler  
  95  6:29  Queen  
  98  6:36  Zergling x2  
  98  6:37  Zergling x8  
  103  6:42  Drone  
  103  6:43  Drone x2  
  106  6:53  Roach  
  106  6:54  Roach x7  
  122  6:58  Roach x2  
  122  6:59  Roach  
  128  7:03  Infestation Pit  
  128  7:04  Pneumatized Carapace  
  127  7:21  Extractor  
  127  7:22  Drone x13  
  139  7:25  Extractor  
  139  7:26  Spore Crawler  
  139  7:29  Spore Crawler  
  134  7:36  Overlord  
  134  7:37  Glial Reconstitution  
  134  7:47  Zerg Missile Weapons Level 2, Zerg Ground Armor Level 2  
  134  7:48  Hive  
  134  7:50  Spire  
  133  7:55  Spore Crawler, Infestor  
  133  7:56  Infestor  
  136  8:00  Queen x2  
  140  8:07  Spore Crawler  
  140  8:08  Spore Crawler  
  140  8:10  Infestor x2  
  142  8:13  Burrow  
  142  8:17  Spore Crawler  
  142  8:19  Roach x5  
  151  8:25  Spore Crawler  
  150  8:38  Ravager x2  
  151  8:47  Roach  
  151  8:48  Overlord x3  
  151  8:49  Drone  
  152  9:02  Greater Spire  
  152  9:04  Hatchery  
  152  9:09  Ravager x2  
  155  9:10  Ravager x3  
  155  9:13  Roach x10  
  155  9:16  Overlord x2  
  176  9:18  Spore Crawler  
  151  9:39  Roach x9  
  151  9:40  Roach x8  
  179  9:45  Overlord  
  179  9:46  Drone x2  
  179  9:47  Drone x5  
  186  9:55  Corruptor x3, Overlord  
  192  10:01  Overseer x2  
  189  10:14  Corruptor x4  
  197  10:27  Brood Lord  
  199  10:39  Brood Lord  
  191  10:44  Brood Lord x2  
  191  10:47  Overlord x2  
  190  10:54  Brood Lord  
  189  11:01  Drone  
  189  11:02  Spore Crawler, Drone x2  
  191  11:05  Brood Lord  
  190  11:16  Roach  
  190  11:17  Roach x14  
  198  11:19  Overlord x2  
  198  11:27  Spire  
  197  11:33  Overlord x2  
  185  11:50  Roach x8, Spore Crawler x2  
  185  11:52  Spore Crawler  
  193  12:01  Zerg Ground Armor Level 3  
  193  12:03  Zerg Missile Weapons Level 3  
  193  12:05  Drone x4  
  197  12:16  Ravager x2  
  197  12:17  Ravager  
  197  12:21  Spore Crawler  
  197  12:22  Spore Crawler  
  198  12:31  Overseer x2  
  198  12:32  Overseer  
  195  12:48  Corruptor  
  195  12:49  Corruptor x2  
  199  13:00  Spore Crawler x2  
  199  13:03  Greater Spire  
  199  13:04  Spore Crawler  
  199  13:05  Spore Crawler  
  195  13:06  Spore Crawler  
  195  13:08  Spore Crawler  
  193  13:33  Ravager x3  
  176  13:52  Roach  
  176  13:53  Roach x9  
  184  13:57  Queen x2  
  184  13:59  Roach x8  
  196  14:10  Queen x3  
  192  14:28  Infestor x2  
  192  14:29  Infestor x2  
  192  14:30  Brood Lord  
  192  14:31  Brood Lord  
  200  14:33  Queen x2  
  162  14:41  Roach  
  162  14:42  Roach x15  
  176  14:46  Queen x2  
  176  14:48  Roach x2  
  178  14:53  Queen  
  170  15:05  Corruptor  
  170  15:06  Corruptor x4  
  167  15:08  Queen  
  167  15:09  Roach x4  
  167  15:13  Queen  
  179  15:20  Drone x2  
  179  15:21  Queen, Drone x4  
  185  15:24  Ravager x5  
  192  15:34  Roach  
  192  15:35  Roach x2  
  183  15:54  Overlord  
  183  15:56  Brood Lord x3  
  184  15:59  Brood Lord  
  186  16:10  Ravager x2  
  186  16:11  Roach x3  
  194  16:17  Hatchery  
  194  16:48  Hatchery  
  181  16:58  Roach x10  
  181  16:59  Roach  
  183  17:06  Roach x11  
  181  17:28  Roach x4  
  181  17:29  Roach x3  
Show
View Real Time Build Order
Export as new Build Order

JJAKJI Terran 

Build Orders: Bio Tank, Banshee Rush 

Get SALT Encoding   

  12  0:00  SCV  
  13  0:12  SCV  
  14  0:17  Supply Depot  
  14  0:24  SCV  
  15  0:28  Refinery  
  15  0:38  SCV  
  16  0:45  Barracks  
  16  0:50  SCV  
  17  1:02  SCV  
  18  1:15  SCV  
  19  1:32  Reaper, Orbital Command  
  20  1:43  Command Center  
  20  1:54  Factory  
  20  1:58  SCV  
  21  2:06  Barracks Reactor  
  21  2:08  Supply Depot  
  21  2:11  SCV  
  22  2:17  Refinery  
  22  2:23  SCV  
  23  2:35  SCV  
  24  2:42  Starport  
  24  2:48  SCV, Hellion x2  
  29  2:55  Orbital Command  
  29  3:00  SCV, Barracks Tech Lab  
  30  3:10  Hellion  
  30  3:12  SCV  
  33  3:15  Hellion  
  35  3:21  SCV  
  35  3:24  SCV  
  37  3:34  Cloaking Field, Banshee  
  37  3:37  SCV x2  
  37  3:40  Barracks Tech Lab  
  41  3:45  Supply Depot  
  41  3:49  SCV  
  41  3:50  SCV  
  43  4:01  SCV  
  43  4:02  Command Center  
  44  4:05  Marine  
  44  4:08  Stimpack  
  45  4:12  SCV  
  45  4:13  SCV  
  47  4:17  Banshee  
  47  4:20  Supply Depot  
  47  4:23  Marine  
  50  4:25  SCV x2  
  50  4:29  Supply Depot  
  52  4:37  SCV  
  52  4:38  SCV  
  54  4:40  Barracks  
  54  4:41  Marine  
  54  4:45  Factory Reactor  
  55  4:46  Barracks  
  55  4:53  SCV x2  
  57  5:01  Marine  
  57  5:02  Engineering Bay  
  57  5:03  Engineering Bay  
  57  5:05  SCV x2  
  58  5:13  Refinery  
  58  5:14  Refinery  
  58  5:15  Orbital Command  
  58  5:20  SCV x2  
  60  5:31  Terran Infantry Weapons Level 1, Terran Infantry Armor Level 1  
  60  5:32  SCV x2  
  60  5:34  Marine x3  
  60  5:35  Starport Reactor  
  65  5:38  Factory Reactor  
  65  5:41  Barracks  
  65  5:44  Barracks  
  65  5:52  Bunker, Marine  
  65  5:53  Bunker  
  65  5:54  Marine x4  
  70  5:58  SCV  
  70  6:02  SCV  
  70  6:03  SCV  
  73  6:09  Supply Depot, Marine  
  73  6:10  SCV  
  75  6:11  Combat Shields  
  75  6:12  Medivac x2  
  75  6:13  Orbital Command  
  75  6:14  SCV  
  75  6:16  Marine  
  75  6:17  Marine x3  
  84  6:21  Supply Depot  
  84  6:22  SCV  
  85  6:30  Marine  
  85  6:31  Widow Mine x2, SCV  
  85  6:32  Barracks Reactor x2  
  91  6:34  SCV  
  91  6:39  SCV  
  93  6:43  Supply Depot, SCV  
  93  6:45  Supply Depot  
  93  6:46  SCV  
  95  6:51  Medivac x2  
  95  6:53  SCV  
  100  6:55  SCV  
  100  6:59  Supply Depot  
  101  7:04  Supply Depot, Liberator, Armory, Widow Mine x2  
  101  7:05  SCV x2  
  101  7:06  Marine x2  
  101  7:07  Marine x3  
  110  7:19  SCV x3  
  110  7:21  Medivac  
  118  7:24  Marine x2  
  118  7:28  Marine x2  
  122  7:30  Marine  
  122  7:31  SCV x3, Marine x2  
  122  7:34  Marine  
  129  7:40  Refinery x2, Factory  
  127  7:49  Supply Depot  
  127  7:50  Supply Depot  
  127  7:51  Supply Depot, Terran Infantry Armor Level 2  
  127  7:56  SCV x2  
  127  7:57  SCV, Marine  
  127  7:58  Marine x2  
  133  8:00  Terran Infantry Weapons Level 2  
  133  8:05  Missile Turret  
  133  8:10  Supply Depot, Missile Turret, Marine x5  
  133  8:11  Marauder  
  140  8:14  Siege Tank  
  143  8:20  Marine x3  
  143  8:26  Factory Tech Lab  
  144  8:28  Marine x5  
  144  8:30  Medivac x2  
  144  8:32  Marauder  
  154  8:45  Siege Tank  
  154  8:46  Siege Tank  
  160  8:52  Marine x5  
  165  8:59  Supply Depot x2, Command Center  
  165  9:01  Supply Depot  
  165  9:10  Concussive Shells  
  165  9:12  Terran Vehicle Weapons Level 1  
  165  9:20  Medivac x2, Siege Tank, Marine x3  
  176  9:24  Marauder  
  167  9:34  Marine  
  167  9:35  Marine x3  
  157  9:39  Siege Tank  
  156  9:48  Barracks  
  156  9:49  Marauder  
  156  9:50  Barracks x2  
  156  9:52  Siege Tank, Marine  
  159  9:53  Marine x2  
  162  10:01  Marine x4  
  162  10:05  Liberator x2  
  162  10:06  SCV x2  
  162  10:07  SCV  
  169  10:10  Marauder  
  169  10:11  Terran Infantry Armor Level 3  
  169  10:13  Planetary Fortress  
  169  10:18  SCV  
  176  10:32  Marauder  
  176  10:36  Marine  
  176  10:37  Marine x2  
  171  10:45  Marine, Barracks Reactor, Barracks Tech Lab x2  
  171  10:46  Marine x4  
  164  10:53  Marauder  
  164  10:54  Marine x2  
  164  10:55  Siege Tank x2  
  175  11:04  Marauder x2  
  175  11:05  Medivac x2, Marine x2  
  171  11:14  Missile Turret  
  171  11:15  Marauder, Missile Turret  
  165  11:26  Marauder x2  
  164  11:35  Viking x2  
  164  11:36  Marauder  
  159  11:42  Starport x2  
  159  11:45  Barracks Tech Lab  
  158  11:47  Marauder x2  
  157  11:57  Marauder  
  154  12:02  Marine  
  154  12:03  Marine x8  
  154  12:06  Medivac x2  
  154  12:07  Terran Infantry Weapons Level 3  
  171  12:08  Marauder x2  
  170  12:19  Marauder  
  170  12:20  Marine  
  170  12:21  Marauder  
  175  12:23  Viking x2  
  175  12:24  Medivac  
  175  12:26  Refinery  
  175  12:27  Refinery  
  185  12:30  Marauder x2  
  185  12:37  Marine  
  185  12:38  Marine x2  
  185  12:39  Marine x4  
  185  12:40  Marauder  
  185  12:43  Marauder  
  197  12:51  Marauder x2  
  194  12:58  Terran Ship Weapons Level 1  
  194  13:06  Viking x3  
  194  13:12  Ghost Academy  
  200  13:21  Orbital Command  
  200  13:22  Unknown  
  200  13:31  Missile Turret  
  196  13:35  Missile Turret  
  196  13:40  Marauder x4  
  191  13:42  Unknown x2, Marine x2  
  174  13:52  Marine x6  
  172  14:00  Marine x2  
  172  14:01  Marauder x4  
  172  14:02  Viking x2  
  179  14:10  Marine x3  
  176  14:22  Marauder x2  
  176  14:23  Marauder x2, Viking x2  
  170  14:25  Viking  
  168  14:32  Marine  
  168  14:34  Marine x2  
  138  14:40  Viking  
  138  14:44  Marauder x4  
  130  14:48  Marine  
  130  14:49  Marine  
  121  14:53  Marine  
  121  14:54  Marine  
  115  15:04  Marine x2  
  115  15:05  Marauder x4  
  121  15:07  Viking  
  121  15:12  Viking  
  125  15:22  SCV x4  
  125  15:26  Marauder  
  125  15:27  Marauder x2  
  135  15:29  Marauder, Marine x4  
  135  15:30  Marine  
  142  15:39  Viking x2  
  142  15:40  Viking  
  147  15:48  Marauder x2  
  147  15:49  Viking x2  
  133  15:57  Marauder x2  
  133  15:58  Marine x6  
  133  15:59  Liberator  
  140  16:08  Siege Tank x2  
  140  16:09  Marauder x2  
  150  16:12  Missile Turret, Liberator  
  150  16:16  Missile Turret  
  155  16:18  Marauder  
  155  16:19  Marauder  
  155  16:20  Marine  
  155  16:21  Marine x2  
  155  16:22  Marine x2  
  155  16:24  Marine  
  162  16:31  Marauder x2, Viking  
  173  16:40  Marauder x2  
  173  16:46  Missile Turret  
  168  16:52  Marauder x2  
  168  16:57  Marine x2  
  137  17:01  Marauder x2  
  119  17:11  Marine x2  
  119  17:13  Marauder, Marine  
  119  17:14  Marauder  
  87  17:23  Marauder x2, Marine  
  87  17:29  Marine x2  
  82  17:30  Marine  
  81  17:35  Marauder x2  
Tags
 
Add a new tag
Caveats
  • Supply blocks, unpowered buildings, or Contaminate may cause inaccurate times.
  • Supply counts are checked every 10 seconds.